 Seeded DCSS version 0.26.1-2-gb8aa6d0cf2 (webtiles) character file.

Game seed: 4967703365735036281 (custom seed)

122 oldmanjim the Vandal (level 5, -1/34 (35) HPs)
             Began as a Halfling Hunter on Feb 16, 2021.
             Slain by an orc priest (6 damage)
             ... on level 4 of the Dungeon.
             The game lasted 00:07:56 (2328 turns).

oldmanjim the Vandal (Halfling Hunter)              Turns: 2328, Time: 00:07:57

HP:   -1/34 (35)    AC:  4    Str: 14    XL:     5   Next: 27%
MP:   5/5           EV: 15    Int:  9    God:
Gold: 41            SH:  0    Dex: 15    Spells: 4/4 levels left

rFire    . . .     SeeInvis .   b - +0 short sword
rCold    . . .     Faith    .   (shield restricted)
rNeg     . . .     Spirit   .   c - +0 leather armour
rPois    +         Reflect  .   i - +0 helmet
rElec    .         Harm     .   (no cloak)
rCorr    .         Rampage  .   (no gloves)
Will     .....                  (no boots)
Stlth    ++........             (no amulet)
HPRegen  0.11/turn              g - ring of poison resistance
MPRegen  0.09/turn              (no ring)

@: lightly drained
A: small, mutation resistance 1
a: no special abilities


You were on level 4 of the Dungeon.
You visited 1 branch of the dungeon, and saw 3 of its levels.

You collected 41 gold pieces.

Inventory:

Hand Weapons
 a - a +1 hunting sling
 b - a +0 short sword (weapon)
 p - a +2 dagger of speed
Missiles
 d - 19 sling bullets
 e - 6 javelins
 f - 53 stones
 l - 12 poisoned darts
Armour
 c - a +0 leather armour (worn)
 i - a +0 helmet (worn)
Jewellery
 g - a ring of poison resistance (left hand)
Scrolls
 h - a scroll of fog {unknown}
 k - a scroll of amnesia {unknown}
 m - a scroll of blinking {unknown}
 n - a scroll of magic mapping {unknown}
Potions
 j - 2 potions of heal wounds {unknown}
 o - a potion of brilliance {unknown}
 q - a potion of cancellation {unknown}


   Skills:
 + Level 2.7 Fighting
 + Level 6.9 Slings
 + Level 3.2 Dodging
 + Level 2.7 Stealth


You had 4 spell levels left.
You didn't know any spells.
Your spell library was empty.

Dungeon Overview and Level Annotations

Branches:
Dungeon (2/15)

Altars:


Innate Abilities, Weirdness & Mutations

You are small and have problems with some larger weapons.
You are somewhat resistant to further mutation.


Message History

The orc hits you but does no damage.
The orc priest calls down the wrath of Beogh upon you.
Beogh smites you!
* * * LOW HITPOINT WARNING * * *
You are too injured to fight recklessly!
You are too injured to fight recklessly!
You are too injured to fight recklessly!
You are too injured to fight recklessly!
You are too injured to fight recklessly!
Unknown command.
You hit the orc priest.
The orc priest is almost dead.
The orc closely misses you. The orc barely misses you.
The orc priest barely misses you.
You hit the orc priest.
The orc priest is almost dead.
The orc completely misses you. The orc hits you with a +0 dagger.
* * * LOW HITPOINT WARNING * * *
The orc priest hits you.
You die...

# . # .. ..
.##.#
##.#####....#
##.....oo....##
.?.....@oZ..<..
.#..##########.


You could see an orc priest, 2 orcs and a quokka skeleton.

Vanquished Creatures
  Jessica (D:2)
  Robin (D:2)
  3 adders (D:2)
  An ooze (D:2)
  2 dart slugs (D:1)
  2 leopard geckos
  2 giant cockroaches
  5 hobgoblins
  7 bats (D:1)
  2 frilled lizards
  14 goblins
  5 kobolds (D:1)
  4 rats
49 creatures vanquished.

Notes
Turn   | Place    | Note
-------+----------+-------------------------------------------
     0 | D:1      | oldmanjim the Halfling Hunter began the quest for the Orb.
     0 | D:1      | Reached XP level 1. HP: 14/14 MP: 1/1
   366 | D:1      | Reached skill level 6 in Slings
   392 | D:1      | Reached XP level 2. HP: 11/19 MP: 2/2
  1150 | D:1      | Reached XP level 3. HP: 24/24 MP: 3/3
  1682 | D:2      | Reached XP level 4. HP: 30/30 MP: 4/4
  1834 | D:2      | Noticed Robin
  1844 | D:2      | Noticed Jessica
  1852 | D:2      | Killed Robin
  2073 | D:2      | Killed Jessica
  2074 | D:2      | Reached XP level 5. HP: 17/34 MP: 5/5
  2318 | D:2      | You fall into a shaft and drop 2 floors!
  2328 | D:4      | Slain by an orc priest

Illustrated notes

Levels and vault maps discovered:
D:1:      kennysheep_arrival_forest, layout_loops_cross
D:2:      layout_loops_ring, minmay_surrounded, uniq_robin, uniq_sigmund,
          uniq_jessica
D:4:      layout_loops_ring, lemuel_crystal_altar, minitemple,
          gup_sewer_entry_bubbles

Skill      XL: |  1  2  3  4 |
---------------+-------------+-----
Fighting       | 2 |  2.7
Slings         | 6 |  6.9
Stealth        | 2 |  2.7
Dodging        | 3 |  3.2

Action                   |  1- 3 |  4- 6 || total
-------------------------+-------+-------++-------
Melee: Short sword       |    84 |    12 ||    96
 Fire: Hunting sling     |    39 |    63 ||   102
 Stab: Sleeping          |     1 |     1 ||     2
Armor: Leather armour    |    34 |    12 ||    46
Dodge: Dodged            |    93 |    39 ||   132
